HBL
TUCSON TARANTULAS @ SPOKANE RIVER RATS
05/04/1997
 
TOP OF THE 1ST
Tucson Tarantulas batting - Pitching for Spokane River Rats : RHP Rick Helling
Pitching: RHP Rick Helling
Batting: RHB Barry Wesson 0-0: Ball
1-0: Called Strike
1-1: Ground out 4-3 (Groundball, 4, EV 81.3 MPH)
Batting: SHB Manuel Lee 0-0: Swinging Strike
0-1: Foul Ball, location: 2F
0-2: Ball
1-2: Strikes out swinging
Batting: SHB Bip Roberts 0-0: Fly out, F8 (Flyball, 8RD, EV 97.5 MPH)
Top of the 1st over - 0 runs, 0 hits, 0 errors, 0 left on base; Tucson 0 - Spokane 0
BOTTOM OF THE 1ST
Spokane River Rats batting - Pitching for Tucson Tarantulas : RHP Matt Wagner
Pitching: RHP Matt Wagner
Batting: SHB Chuck Carr 0-0: Bunted foul
0-1: Ball
1-1: Ground out 6-3 (Groundball, 6, EV 80.6 MPH)
Batting: LHB Andy Fox 0-0: Fly out, F4 (Popup, 4M, EV 63.8 MPH)
Batting: LHB Michael Tucker 0-0: Ball
1-0: Swinging Strike
1-1: Foul Ball, location: 2F
1-2: Foul Ball, location: 2F
1-2: SINGLE (Groundball, 34D, EV 108.1 MPH)
Batting: SHB Gene Kingsale 0-0: Ball
1-0: SINGLE (Line Drive, 5, EV 97.5 MPH)
Michael Tucker to second
Batting: RHB Tony Rodriguez 0-0: Ball
1-0: Foul Ball, location: 2F
1-1: Foul Ball, location: 2F
1-2: SINGLE (Groundball, 6MD, EV 94.4 MPH)
Michael Tucker to third
Gene Kingsale to second
Runner from 3rd tries for Home, SAFE, throw by CF to home
Batting: SHB Luis M. Lopez 0-0: Ball
1-0: Called Strike
1-1: Fielders Choice at 2nd, U4 (Groundball, 4M, EV 103.8 MPH)
Bottom of the 1st over - 1 run, 3 hits, 0 errors, 2 left on base; Tucson 0 - Spokane 1
TOP OF THE 2ND
Tucson Tarantulas batting - Pitching for Spokane River Rats : RHP Rick Helling
Batting: RHB Andres Galarraga 0-0: Ground out 5-3 (Groundball, 5, EV 102.5 MPH)
Batting: SHB Mark Bellhorn 0-0: Ball
1-0: Called Strike
1-1: Ground out 4-3 (Groundball, 4, EV 88.1 MPH)
Batting: RHB Geronimo Berroa 0-0: Called Strike
0-1: SOLO HOME RUN (Line Drive, 78XD, EV 101.3 MPH), Distance : 403 ft
Batting: RHB Dave McCarty 0-0: Ball
1-0: Foul Ball, location: 2F
1-1: Swinging Strike
1-2: Strikes out swinging
Top of the 2nd over - 1 run, 1 hit, 0 errors, 0 left on base; Tucson 1 - Spokane 1
BOTTOM OF THE 2ND
Spokane River Rats batting - Pitching for Tucson Tarantulas : RHP Matt Wagner
Batting: RHB Mark Dalesandro 0-0: Foul Ball, location: 2F
0-1: Ball
1-1: Ball
2-1: Swinging Strike
2-2: Ball
3-2: Strikes out swinging
Batting: SHB Doug Brady 0-0: Ball
1-0: Ball
2-0: Ball
3-0: Foul Ball, location: 2F
3-1: Called Strike
3-2: Base on Balls
Batting: RHB Jose Lind 0-0: Ball
1-0: Ground out U3 (Groundball, 34S, EV 78.1 MPH)
Doug Brady to second
Batting: SHB Chuck Carr 0-0: Called Strike
0-1: Called Strike
0-2: Foul Ball, location: 2F
0-2: Ball
1-2: Foul Ball, location: 2F
1-2: Ball
2-2: Ball
3-2: Base on Balls
Batting: LHB Andy Fox 0-0: Ball
1-0: Ball
2-0: Called Strike
2-1: Ball
3-1: Foul Ball, location: 2F
3-2: Foul Ball, location: 2F
3-2: Strikes out swinging
Bottom of the 2nd over - 0 runs, 0 hits, 0 errors, 2 left on base; Tucson 1 - Spokane 1
TOP OF THE 3RD
Tucson Tarantulas batting - Pitching for Spokane River Rats : RHP Rick Helling
Batting: SHB Matt Walbeck 0-0: Foul Ball, location: 2F
0-1: Ball
1-1: Ball
2-1: Fly out, F9 (Flyball, 9LS, EV 96.9 MPH)
Batting: RHB Ray Holbert 0-0: Fly out, F3 (Popup, 3D, EV 51.3 MPH)
Batting: RHB Barry Wesson 0-0: Foul Ball, location: 2F
0-1: Ball
1-1: Foul Ball, location: 2F
1-2: Ball
2-2: Strikes out swinging
Top of the 3rd over - 0 runs, 0 hits, 0 errors, 0 left on base; Tucson 1 - Spokane 1
BOTTOM OF THE 3RD
Spokane River Rats batting - Pitching for Tucson Tarantulas : RHP Matt Wagner
Batting: LHB Michael Tucker 0-0: Called Strike
0-1: Swinging Strike
0-2: Ball
1-2: Strikes out swinging
Batting: SHB Gene Kingsale 0-0: Fly out, F8 (Flyball, 8RD, EV 106.9 MPH)
Batting: RHB Tony Rodriguez 0-0: Ground out 6-3 (Groundball, 6, EV 85.6 MPH)
Bottom of the 3rd over - 0 runs, 0 hits, 0 errors, 0 left on base; Tucson 1 - Spokane 1
TOP OF THE 4TH
Tucson Tarantulas batting - Pitching for Spokane River Rats : RHP Rick Helling
Batting: SHB Manuel Lee 0-0: SINGLE (Groundball, 34S, EV 68.8 MPH) (infield hit)
Batting: SHB Bip Roberts 0-0: Fly out, F5 (Line Drive, 5, EV 66.9 MPH)
Batting: RHB Andres Galarraga 0-0: Ball
1-0: Foul Ball, location: 2F
1-1: Fielders Choice at 2nd, 6-4 (Groundball, 6M, EV 91.3 MPH)
Batting: SHB Mark Bellhorn 0-0: Fly out, F8 (Line Drive, 8RM, EV 95.6 MPH)
Top of the 4th over - 0 runs, 1 hit, 0 errors, 1 left on base; Tucson 1 - Spokane 1
BOTTOM OF THE 4TH
Spokane River Rats batting - Pitching for Tucson Tarantulas : RHP Matt Wagner
Batting: SHB Luis M. Lopez 0-0: Ball
1-0: Ball
2-0: Ball
3-0: Called Strike
3-1: SINGLE (Flyball, 78S, EV 88.1 MPH)
Batting: RHB Mark Dalesandro 0-0: Called Strike
0-1: Called Strike
0-2: Ball
1-2: Ball
Passed Ball!
Luis M. Lopez to second
2-2: Fly out, F9 (Flyball, 9LS, EV 90.6 MPH)
Batting: SHB Doug Brady 0-0: Foul Ball, location: 2F
0-1: Foul Ball, location: 2F
0-2: Ball
1-2: Ball
2-2: Foul Ball, location: 2F
2-2: Ball
3-2: Foul Ball, location: 2F
3-2: Base on Balls
Batting: RHB Jose Lind 0-0: Called Strike
0-1: DOUBLE (Flyball, 8RD, EV 103.8 MPH)
Luis M. Lopez scores
Doug Brady to third
Runner from 3rd tries for Home, SAFE, throw by CF to home
Batting: SHB Chuck Carr 0-0: Foul Ball, location: 2F
0-1: Ball
1-1: Ball
2-1: Foul Ball, location: 2F
2-2: Ball
3-2: Foul Ball, location: 2F
3-2: Foul Ball, location: 2F
3-2: Base on Balls
Batting: LHB Andy Fox 0-0: Ball
1-0: Fielders Choice at 2nd, 4-6 (Groundball, 4D, EV 110.0 MPH)
Jose Lind to third
Batting: LHB Michael Tucker 0-0: Called Strike
0-1: Called Strike
0-2: Ball
1-2: Ground out 6-3 (Groundball, 56D, EV 106.9 MPH)
Bottom of the 4th over - 2 runs, 2 hits, 0 errors, 2 left on base; Tucson 1 - Spokane 3
TOP OF THE 5TH
Tucson Tarantulas batting - Pitching for Spokane River Rats : RHP Rick Helling
Batting: RHB Geronimo Berroa 0-0: Ball
1-0: Swinging Strike
1-1: Swinging Strike
1-2: Strikes out swinging
Batting: RHB Dave McCarty 0-0: Called Strike
0-1: Foul Ball, location: 2F
0-2: Fly out, F8 (Flyball, 8RM, EV 89.4 MPH)
Batting: SHB Matt Walbeck 0-0: Ball
1-0: Foul Ball, location: 2F
1-1: Ball
2-1: Foul Ball, location: 2F
2-2: Ground out 3-1 (Groundball, 34, EV 88.1 MPH)
Top of the 5th over - 0 runs, 0 hits, 0 errors, 0 left on base; Tucson 1 - Spokane 3
BOTTOM OF THE 5TH
Spokane River Rats batting - Pitching for Tucson Tarantulas : RHP Matt Wagner
Batting: SHB Gene Kingsale 0-0: Ball
1-0: Called Strike
1-1: Called Strike
1-2: Ball
2-2: Ball
3-2: Strikes out looking
Batting: RHB Tony Rodriguez 0-0: Called Strike
0-1: Ball
1-1: Fly out, F7 (Flyball, 78D, EV 96.3 MPH)
Batting: SHB Luis M. Lopez 0-0: Fly out, F7 (Flyball, 7LD, EV 110.6 MPH)
Bottom of the 5th over - 0 runs, 0 hits, 0 errors, 0 left on base; Tucson 1 - Spokane 3
TOP OF THE 6TH
Tucson Tarantulas batting - Pitching for Spokane River Rats : RHP Rick Helling
Batting: RHB Ray Holbert 0-0: Foul Ball, location: 2F
0-1: Ball
1-1: Ball
2-1: Foul Ball, location: 2F
2-2: Foul Ball, location: 2F
2-2: Strikes out swinging
Batting: RHB Barry Wesson 0-0: Ball
1-0: Foul Ball, location: 2F
1-1: Ball
2-1: Swinging Strike
2-2: Ball
3-2: Fly out, F7 (Flyball, 78S, EV 91.3 MPH)
Batting: SHB Manuel Lee 0-0: Foul Ball, location: 2F
0-1: Ball
1-1: Ball
2-1: Foul Ball, location: 2F
2-2: Foul Ball, location: 2F
2-2: SINGLE (Groundball, 4D, EV 102.5 MPH)
Batting: SHB Bip Roberts 0-0: Fly out, F9 (Flyball, 89M, EV 88.8 MPH)
Top of the 6th over - 0 runs, 1 hit, 0 errors, 1 left on base; Tucson 1 - Spokane 3
BOTTOM OF THE 6TH
Spokane River Rats batting - Pitching for Tucson Tarantulas : RHP Matt Wagner
Batting: RHB Mark Dalesandro 0-0: Ball
1-0: Called Strike
1-1: Ball
2-1: Swinging Strike
2-2: SINGLE (Flyball, 78S, EV 89.4 MPH)
Batting: SHB Doug Brady 0-0: Called Strike
0-1: Bunted foul
0-2: Ball
1-2: Fielders Choice at 2nd, 4-6 (Groundball, 4, EV 81.3 MPH)
Batting: RHB Jose Lind 0-0: Ball
1-0: Called Strike
1-1: Ball
2-1: Called Strike
2-2: Strikes out looking
Batting: SHB Chuck Carr 0-0: Called Strike
0-1: Swinging Strike
0-2: Ball
1-2: Ball
2-2: Foul Ball, location: 2F
2-2: Ball
3-2: Strikes out swinging
Bottom of the 6th over - 0 runs, 1 hit, 0 errors, 1 left on base; Tucson 1 - Spokane 3
TOP OF THE 7TH
Tucson Tarantulas batting - Pitching for Spokane River Rats : RHP Rick Helling
Batting: RHB Andres Galarraga 0-0: Called Strike
0-1: Called Strike
0-2: Ball
1-2: Strikes out looking
Batting: SHB Mark Bellhorn 0-0: Foul Ball, location: 2F
0-1: Foul Ball, location: 2F
0-2: Ball
1-2: Foul Ball, location: 2F
1-2: Ball
2-2: Ball
3-2: Foul Ball, location: 2F
3-2: SINGLE (Line Drive, 8RS, EV 87.5 MPH)
Batting: RHB Geronimo Berroa 0-0: Foul Ball, location: 2F
0-1: DOUBLE (Flyball, 78D, EV 103.1 MPH)
Mark Bellhorn to third
Batting: RHB Dave McCarty 0-0: Swinging Strike
0-1: Foul Ball, location: 2F
0-2: Strikes out looking
Batting: SHB Matt Walbeck 0-0: Swinging Strike
0-1: Fly out, F5 (Popup, 5SF, EV 86.3 MPH)
Top of the 7th over - 0 runs, 2 hits, 0 errors, 2 left on base; Tucson 1 - Spokane 3
BOTTOM OF THE 7TH
Spokane River Rats batting - Pitching for Tucson Tarantulas : RHP Matt Wagner
Pitching: RHP Jaime Bluma
Batting: LHB Andy Fox 0-0: Called Strike
0-1: Swinging Strike
0-2: Ball
1-2: Strikes out swinging
Batting: LHB Michael Tucker 0-0: Called Strike
0-1: Ball
1-1: Ball
2-1: Foul Ball, location: 2F
2-2: SINGLE (Flyball, 7LS, EV 94.4 MPH)
Batting: SHB Gene Kingsale 0-0: Called Strike
0-1: 2-RUN HOME RUN (Flyball, 9LD, EV 91.3 MPH), Distance : 356 ft
Batting: RHB Tony Rodriguez 0-0: Ball
1-0: SINGLE (Groundball, 3D, EV 107.5 MPH)
Batting: SHB Luis M. Lopez 0-0: Foul Ball, location: 2F
0-1: Fly out, F9 (Flyball, 89M, EV 91.3 MPH)
Batting: RHB Mark Dalesandro 0-0: Ball
1-0: Ball
2-0: SINGLE (Groundball, 5D, EV 104.4 MPH)
Tony Rodriguez to second
Batting: SHB Doug Brady 0-0: Ball
1-0: Foul Ball, location: 2F
1-1: Called Strike
1-2: Foul Ball, location: 2F
1-2: Ball
2-2: Strikes out swinging
Bottom of the 7th over - 2 runs, 4 hits, 0 errors, 2 left on base; Tucson 1 - Spokane 5
TOP OF THE 8TH
Tucson Tarantulas batting - Pitching for Spokane River Rats : RHP Rick Helling
Batting: RHB Ray Holbert 0-0: Swinging Strike
0-1: Ground out 4-3 (Groundball, 4, EV 102.5 MPH)
Batting: RHB Barry Wesson 0-0: Called Strike
0-1: Ball
1-1: Fly out, F9 (Flyball, 89S, EV 86.9 MPH)
Batting: SHB Manuel Lee 0-0: Called Strike
0-1: Swinging Strike
0-2: Ground out 5-3 (Groundball, 56, EV 103.8 MPH)
Top of the 8th over - 0 runs, 0 hits, 0 errors, 0 left on base; Tucson 1 - Spokane 5
BOTTOM OF THE 8TH
Spokane River Rats batting - Pitching for Tucson Tarantulas : RHP Jaime Bluma
Batting: RHB Jose Lind 0-0: SINGLE (Groundball, 56D, EV 100.6 MPH)
Pitching: RHP Tim VanEgmond
Batting: SHB Chuck Carr 0-0: Called Strike
0-1: Sac Bunt to 25 - play at first, batter OUT! 5-3
Jose Lind to second
Batting: LHB Andy Fox 0-0: Ball
1-0: SINGLE (Line Drive, 56D, EV 103.8 MPH)
Jose Lind to third
Batting: LHB Michael Tucker 0-0: Foul Ball, location: 2F
0-1: Ball
1-1: Swinging Strike
1-2: Ball
2-2: Foul Ball, location: 2F
2-2: Ball
3-2: SINGLE (Line Drive, 8RM, EV 99.4 MPH)
Jose Lind scores
Andy Fox to second
Batting: SHB Gene Kingsale 0-0: Ball
1-0: Ball
2-0: Fly out, F7 (Flyball, 7S, EV 96.9 MPH)
Batting: RHB Tony Rodriguez 0-0: Ball
1-0: Swinging Strike
1-1: Fly out, F2 (Popup, 2R, EV 93.8 MPH)
Bottom of the 8th over - 1 run, 3 hits, 0 errors, 2 left on base; Tucson 1 - Spokane 6
TOP OF THE 9TH
Tucson Tarantulas batting - Pitching for Spokane River Rats : RHP Rick Helling
Batting: SHB Bip Roberts 0-0: Ball
1-0: Ground out 5-3 (Groundball, 56S, EV 86.3 MPH)
Batting: RHB Andres Galarraga 0-0: Ground out 6-3 (Groundball, 6M, EV 83.8 MPH)
Batting: SHB Mark Bellhorn 0-0: Called Strike
0-1: Swinging Strike
0-2: Strikes out swinging
Top of the 9th over - 0 runs, 0 hits, 0 errors, 0 left on base; Tucson 1 - Spokane 6
Wednesday, February 4th, 2026 - OOTP Baseball 20.8 Build 74